 Dungeon Crawl Stone Soup version 0.26.0-16-gc1dbca0489 (webtiles) character file.

Game seed: 959435929734030131

16 teolandon225 the Sneak (level 2, 0/13 HPs)
             Began as a Spriggan Enchanter on Jan 21, 2021.
             Slain by a hobgoblin (4 damage)
             ... on level 1 of the Dungeon.
             The game lasted 00:01:31 (1066 turns).

teolandon225 the Sneak (Spriggan Enchanter)         Turns: 1066, Time: 00:01:32

Health: 0/13       AC:  2    Str:  4    XL:     2   Next: 37%
Magic:  2/6        EV: 18    Int: 16    God:
Gold:   73         SH:  0    Dex: 16    Spells: 3/6 levels left

rFire    . . .     SeeInvis +   a - +1 dagger
rCold    . . .     Faith    .   (shield restricted)
rNeg     . . .     Spirit   .   b - +0 robe
rPois    .         Reflect  .   (helmet restricted)
rElec    .         Harm     .   (no cloak)
rCorr    .         Rampage  .   (gloves unavailable)
Will     .....                  (boots unavailable)
Stlth    +++.......             (no amulet)
HPRegen  0.04/turn              (no ring)
MPRegen  0.10/turn              (no ring)

@: very slightly contaminated, very quick
A: very small, unfitting armour, see invisible, speed 3
a: no special abilities


You were on level 1 of the Dungeon.
You visited 1 branch of the dungeon, and saw 1 of its levels.

You collected 73 gold pieces.

Inventory:

Hand Weapons
 a - a +1 dagger (weapon)
Armour
 b - a +0 robe (worn)
Scrolls
 c - 2 scrolls of identify {unknown}
 d - 3 scrolls of remove curse {unknown}
 h - a scroll of noise {unknown}
Potions
 e - a potion of brilliance {unknown}
 f - a potion of haste {unknown}
 g - a potion of berserk rage {unknown}
 i - a potion of might {unknown}
 j - a potion of curing {unknown}


   Skills:
 - Level 1.1 Short Blades
 + Level 3.3 Dodging
 * Level 5.0 Stealth
 - Level 2.6 Spellcasting
 * Level 4.1 Hexes


You had 3 spell levels left.
You knew the following spells:

 Your Spells              Type           Power        Failure   Level
q - Ensorcelled Hibernat  Hex/Ice        16%          13%         2
r - Corona                Hex            16%          3%          1

Your spell library contained the following spells:

 Spells                   Type           Power        Failure   Level
 Confusing Touch          Hex            15%          11%         3
 Tukima's Dance           Hex            15%          11%         3
 Dazzling Flash           Conj/Hex       16%          26%         3


Dungeon Overview and Level Annotations

Branches:
Dungeon (1/15)

Altars:


Innate Abilities, Weirdness & Mutations

You are very small and have problems with some larger weapons.
You are too small for most types of armour.
You have supernaturally acute eyesight. (SInv)
You cover ground extremely quickly.


Message History

Confirm with . or Enter, or press ? or * to list all spells.
Aiming: Ensorcelled Hibernation (safe; 13% risk of failure)
Press: ? - help, Shift-Dir - straight line, f - hobgoblin
Aim: a hobgoblin (chance to affect: 57%)
The hobgoblin resists with significant effort.
Casting: Ensorcelled Hibernation (safe; 13% risk of failure)
Confirm with . or Enter, or press ? or * to list all spells.
Aiming: Ensorcelled Hibernation (safe; 13% risk of failure)
Press: ? - help, Shift-Dir - straight line, f/p - hobgoblin
Aim: a hobgoblin (chance to affect: 57%)
You miscast Ensorcelled Hibernation.
You are very lightly contaminated with residual magic.
Nothing appears to happen.
You hit the hobgoblin.
The hobgoblin is heavily wounded.
The hobgoblin hits you.
You barely miss the hobgoblin.
The hobgoblin is heavily wounded.
The hobgoblin hits you.
You die...

#..##....#.##..# #.##
#...####..(...## #..#
###......###..##.####.##
..... #....#..##.)###..#
......#.##.##.......##.#
......#.....##...##..#.#
..........#..#########.#
......#...##.## #.#
......#@..##.># ##.#
..... #g..###.# ##..#
..... #...##..# #....
......#...##..# ##.##.
......#...#...#####..# .
...$......#.#.##.....# .
......#.....#.##.##..# .
#######....##.gg.#...# .
#.#..#######...##.


You could see a hobgoblin.

Vanquished Creatures
  A leopard gecko (D:1)
  A giant cockroach (D:1)
  5 hobgoblins (D:1)
  A kobold (D:1)
  A bat (D:1)
  3 frilled lizards (D:1)
  2 rats (D:1)
14 creatures vanquished.

Notes
Turn   | Place    | Note
-------+----------+-------------------------------------------
     0 | D:1      | teolandon225 the Spriggan Enchanter began the quest for the
                  | Orb.
     0 | D:1      | Reached XP level 1. HP: 9/9 MP: 5/5
   380 | D:1      | Reached XP level 2. HP: 9/13 MP: 4/6
   383 | D:1      | Learned a level 2 spell: Ensorcelled Hibernation
   747 | D:1      | Reached skill level 5 in Stealth
  1066 | D:1      | Slain by a hobgoblin

Illustrated notes

Levels and vault maps discovered:
D:1:      lemuel_arrival_tunnels, layout_basic, minmay_misc_feat_columns

Skill      XL: |  1  2 |
---------------+-------+-----
Hexes          | 4 |  4.1
Stealth        | 5 |  5.0
Short Blades   | |  1.1
Dodging        | |  3.3
Spellcasting   | |  2.6

Action                   || total
-------------------------++-------
Melee: Dagger            ||    60
 Cast: Corona            ||     8
       Ensorcelled Hiber ||    10
 Stab: Sleeping          ||     6
Armor: Robe              ||     9
Dodge: Dodged            ||    41
